 Dungeon Crawl Stone Soup version 0.30-a0-1053-gbd8d5ba0ad (webtiles) character file.

Game seed: 4910968206507436685

1073 tilp the Sneak (level 8, -1/60 HPs)
             Began as a Vampire Enchanter on Apr 11, 2023.
             Slain by a gnoll
             ... wielding a +0 flail
             ... led by a gnoll sergeant
              (2 damage)
             ... on level 5 of the Dungeon.
             The game lasted 00:07:53 (3615 turns).

tilp the Sneak (Vampire Enchanter)                  Turns: 3615, Time: 00:07:54

Health: -1/60      AC:  3    Str:  7    XL:     8   Next: 7%
Magic:  0/12       EV: 14    Int: 20    God:
Gold:   164        SH:  0    Dex: 20    Spells: 2/13 levels left

rFire   . . .      SeeInvis +    a - +2 dagger
rCold   . . .      Faith    .    (no shield)
rNeg    . . .      Spirit   .    q - +1 robe
rPois   .          Reflect  .    (no helmet)
rElec   .          Rampage  .    (no cloak)
rCorr   .                        (no gloves)
Will    .....                    (no boots)
Stlth   ++++                     (no amulet)
HPRegen 0.50/turn                e - +6 ring of dexterity
MPRegen 0.13/turn                h - ring of wizardry

@: healing quickly
A: alive, fangs 3, see invisible, vampiric 2
a: Exsanguinate


You were on level 5 of the Dungeon.
You visited 1 branch of the dungeon, and saw 5 of its levels.

You collected 164 gold pieces.

Inventory:

Hand Weapons
 a - a +2 dagger (weapon)
 b - a +2 short sword of venom
Missiles
 k - 6 atropa-tipped darts
 n - 10 poisoned darts (quivered)
Armour
 d - an orb of wrath
 q - a +1 robe (worn)
Magical Staves
 l - a staff of poison
 w - a staff of death
Jewellery
 e - a +6 ring of dexterity (left hand)
 h - a ring of wizardry (right hand)
Wands
 m - a wand of paralysis (19)
Scrolls
 j - 4 scrolls of teleportation
 o - a scroll of fear
 s - a scroll of enchant armour
 x - a scroll of enchant weapon
 y - 2 scrolls of identify
Potions
 c - 2 potions of invisibility
 f - 2 potions of curing
 g - a potion of haste
 i - 3 potions of flight
 p - 3 potions of might {unknown}
 r - a potion of ambrosia {unknown}
 t - 3 potions of heal wounds
 u - 2 potions of lignification {unknown}
 v - a potion of resistance {unknown}


   Skills:
 - Level 4.0 Fighting
 + Level 4.0 Short Blades
 - Level 1.0 Throwing
 + Level 4.4 Dodging
 + Level 7.2 Stealth
 - Level 3.0 Spellcasting
 + Level 6.7 Hexes
 - Level 2.0 Evocations


You had 2 spell levels left.
You knew the following spells:

 Your Spells              Type           Power      Damage    Failure   Level
a - Ensorcelled Hibernat  Hex/Ice        32%        N/A       2%          2
b - Confusing Touch       Hex            30%        N/A       1%          3
c - Tukima's Dance        Hex            30%        N/A       1%          3
d - Dazzling Flash        Conj/Hex       32%        N/A       4%          3

Your spell library contained the following spells:

 Spells                   Type           Power      Damage    Failure   Level
 Apportation              Tloc           6%         N/A       6%          1
 Necrotise                Necr           12%        1d4       6%          1
 Summon Small Mammal      Summ           12%        N/A       6%          1
 Blink                    Tloc           6%         N/A       9%          2
 Lesser Beckoning         Tloc           6%         N/A       9%          2
 Momentum Strike          Conj/Tloc      6%         3d8       9%          2
 Passwall                 Tmut/Erth      2%         N/A       9%          2
 Swiftness                Air            3%         N/A       16%         3
 Vampiric Draining        Necr           3%         2d6       16%         3
 Vhi's Electric Charge    Tloc/Air       6%         N/A       16%         3
 Agony                    Necr           3%         N/A       80%         5
 Arcjolt                  Conj/Air       1%         1d11      80%         5
 Maxwell's Capacitive Co  Air            1%         ∞         100%        8


Dungeon Overview and Level Annotations

Branches:
Dungeon (5/15)
 Temple: D:4-7

Altars:


Innate Abilities, Weirdness & Mutations

Your natural rate of healing is accelerated.
You have razor-sharp teeth.
You have supernaturally acute eyesight. (SInv)
You are afflicted with vampirism and can become a bat while bloodless.


Message History

The gnoll is heavily wounded.
You closely miss the gnoll.
The gnoll is heavily wounded.
The gnoll closely misses you.
Casting: Ensorcelled Hibernation (safe; 2% risk of failure)
Confirm with . or Enter, or press ? or * to list all spells.
Aiming: Ensorcelled Hibernation (safe; 2% risk of failure)
Press: ? - help, Shift-Dir - straight line, f - gnoll
Aim: a gnoll, wielding a +0 flail and quivering a throwing net (heavily wounded, chance to affect: 58%)
The gnoll resists with significant effort.
The gnoll hits you with a +0 flail!
* * * LOW HITPOINT WARNING * * *
You hit the gnoll.
The gnoll is severely wounded.
The gnoll barely misses you.
You closely miss the gnoll. You bite the gnoll, but do no damage.
The gnoll is severely wounded.
The gnoll barely misses you.
You hit the gnoll.
The gnoll is severely wounded.
The gnoll misses you.
You hit the gnoll but do no damage.
The gnoll is severely wounded.
You barely miss the gnoll.
The gnoll is severely wounded.
The gnoll closely misses you.
You closely miss the gnoll.
The gnoll is severely wounded.
The gnoll hits you with a +0 flail.
* * * LOW HITPOINT WARNING * * *
You barely miss the gnoll. Your bite misses the gnoll.
The gnoll is severely wounded.
The gnoll hits you with a +0 flail!
* * * LOW HITPOINT WARNING * * *
Aiming: Paralyse
Press: ? - help, Shift-Dir - straight line, f/p - gnoll
Aim: a gnoll, wielding a +0 flail and quivering a throwing net (severely wounded, chance to affect: 63%)
The gnoll resists with significant effort.
The gnoll hits you with a +0 flail.
You die...

#..##...................
#.###.###...............
#.# ♣.♣ #...#.....#.....
#.#♣♣.♣♣#g.########.....
#.........## #.....
###♣♣.♣♣#g# #..... ♣.♣
#.# ###... #.###.# #..#
#..@g.# #.. #######


You could see a gnoll.

Vanquished Creatures
  Sigmund (D:3)
  A gnoll sergeant (D:5)
  2 scorpions (D:5)
  A jelly (D:5)
  3 hounds
  2 orc priests (D:4)
  2 gnoll boudas
  Jessica (D:3)
  2 iguanas (D:4)
  2 sleepcaps
  Ijyb (D:3)
  3 orc wizards
  13 gnolls
  5 adders
  A shadow imp (D:5)
  2 worms (D:2)
  2 dart slugs (D:4)
  4 orcs
  10 endoplasms
  2 giant cockroaches
  2 goblins
  5 hobgoblins
  3 quokkas
  4 ball pythons
  4 bats
  A frilled lizard (D:1)
  6 kobolds
  12 rats
97 creatures vanquished.

Notes
Turn   | Place    | Note
-------+----------+-------------------------------------------
     0 | D:1      | tilp the Vampire Enchanter began the quest for the Orb.
     0 | D:1      | Reached XP level 1. HP: 13/13 MP: 3/3
   431 | D:1      | Reached XP level 2. HP: 20/20 MP: 5/5
   434 | D:1      | Learned a level 2 spell: Ensorcelled Hibernation
   840 | D:2      | Reached skill level 1 in Fighting
   840 | D:2      | Found a faded altar of an unknown god.
   849 | D:2      | Gained mutation: You are afflicted with vampirism and can
                  | become a bat while bloodless. [Vampire growth]
   849 | D:2      | Reached XP level 3. HP: 26/26 MP: 4/6
   890 | D:2      | Learned a level 3 spell: Confusing Touch
  1434 | D:3      | Noticed Ijyb
  1503 | D:3      | Killed Ijyb
  1504 | D:3      | Reached skill level 5 in Stealth
  1504 | D:3      | Reached XP level 4. HP: 33/33 MP: 4/7
  1617 | D:3      | Reached skill level 5 in Hexes
  1705 | D:3      | Noticed Jessica
  1711 | D:3      | Killed Jessica
  1712 | D:3      | Reached XP level 5. HP: 38/38 MP: 5/8
  1926 | D:3      | Noticed Sigmund
  1942 | D:3      | Killed Sigmund
  1943 | D:3      | Reached skill level 1 in Evocations
  1943 | D:3      | Reached XP level 6. HP: 46/46 MP: 2/10
  2264 | D:4      | Reached skill level 1 in Throwing
  2525 | D:4      | Reached skill level 6 in Stealth
  2612 | D:4      | Reached XP level 7. HP: 41/52 MP: 6/11
  3059 | D:5      | Entered Level 5 of the Dungeon
  3312 | D:5      | Learned a level 3 spell: Tukima's Dance
  3328 | D:5      | Learned a level 3 spell: Dazzling Flash
  3534 | D:5      | Reached skill level 7 in Stealth
  3569 | D:5      | Reached XP level 8. HP: 34/60 MP: 1/12
  3614 | D:5      | HP: 1/60 [gnoll/+0 flail[a gnoll sergeant] (14)]
  3615 | D:5      | Slain by a gnoll

Illustrated notes

Levels and vault maps discovered:
D:1:      spicycebolla_arrival_xxxplode, layout_loops_ring,
          minmay_rat_gold_closets
D:2:      layout_rooms, hellmonk_ecumenical_altar_run_dry
D:3:      layout_loops_ring, minmay_misc_feat_four_crosses, uniq_sigmund,
          uniq_jessica, uniq_ijyb
D:4:      layout_rooms, nrook_mini_vaults, hangedman_decor_growths
D:5:      layout_rooms, nicolae_overflow_crystal_walls, zin_statuary,
          minmay_tree_intersection

Skill      XL: |  1  2  3  4  5  6  7  8 |
---------------+-------------------------+-----
Fighting       | 1 2 3 4 |  4.0
Stealth        | 5 6 7 |  7.2
Hexes          | 5 6 |  6.7
Short Blades   | 2 3 4 |  4.0
Dodging        | 3 4 |  4.4
Evocations     | 1 2 |  2.0
Throwing       | 1 |  1.0
Spellcasting   | 3 |  3.0

Action                     |  1- 3 |  4- 6 |  7- 9 || total
---------------------------+-------+-------+-------++-------
  Melee: Dagger            |    94 |    61 |    85 ||   240
         Bite              |     8 |     7 |     7 ||    22
         Punch             |       |     1 |       ||     1
   Cast: Ensorcelled Hiber |    20 |    25 |    32 ||    77
         Confusing Touch   |       |     2 |     3 ||     5
  Evoke: Wand              |       |     3 |     3 ||     6
    Use: Scroll            |     6 |     5 |       ||    11
   Stab: Sleeping          |    21 |    23 |    24 ||    68
         Paralysed         |       |     2 |     1 ||     3
         Confused          |       |     1 |     2 ||     3
 Armour: Robe              |    18 |     6 |     8 ||    32
  Dodge: Dodged            |    69 |    28 |    74 ||   171

Table legend: (Time is in decaauts)
 A = Elapsed time spent in this place.
 B = Non-inter-level travel time spent in this place.
 C = Inter-level travel time spent in this place.
 D = Time resting spent in this place.
 E = Time spent auto-exploring this place.
 F = Levels seen in this place.
 G = Mean time per level.
                   A        B        C        D        E       F      G
               +--------+--------+--------+--------+--------+-----+--------+
         Total |   3587 |   3501 |     86 |     51 |   2592 |   5 |  717.4 |
       Dungeon |   3587 |   3501 |     86 |     51 |   2592 |   5 |  717.4 |
               +--------+--------+--------+--------+--------+-----+--------+

Top non-repeatable levels by time:
     D:4: 951 daAuts
     D:1: 838 daAuts
     D:3: 732 daAuts
     D:2: 649 daAuts
     D:5: 416 daAuts
